 Dungeon Crawl Stone Soup version 0.27.1-15-g792fb953b9 (webtiles) character file.

Game seed: 8083223757567770879

932 tizbic2 the Chucker (level 7, -1/68 (72) HPs)
             Began as a Troll Arcane Marksman on Nov 19, 2021.
             Was a Follower of Ashenzari.
             Slain by a wight (8 damage)
             ... on level 5 of the Dungeon.
             The game lasted 00:39:48 (4215 turns).

tizbic2 the Chucker (Troll Arcane Marksman)         Turns: 4215, Time: 00:39:49

HP:   -1/68 (72)    AC:  6    Str: 19    XL:     7   Next: 86%
MP:   9/9           EV:  7    Int: 11    God:    Ashenzari [*.....]
Gold: 751           SH:  8    Dex: 10    Spells: 6/10 levels left

rFire    + . .     SeeInvis .   a - +4 trident
rCold    + . .     Faith    .   t - +1 kite shield
rNeg     + + .     Spirit   .   u - +2 robe {rN+}
rPois    +         Reflect  .   f - -2 hat of the Alchemist {rElec rPois rF+ rC+ rN+ Will+ rMut rCorr}
rElec    +         Harm     .   (no cloak)
rCorr    +         Rampage  .   (gloves unavailable)
rMut     +                      (boots unavailable)
Will     +....                  (no amulet)
Stlth    +.........             m - ring of the Celestial Augur {Wiz, Evo, Alch} (curse)
HPRegen  1.21/turn              q - ring "Mantic Anxiety" {Slay+4, Alch, Bglg} (curse)
MPRegen  0.11/turn

@: drained
A: large, unfitting armour, claws 3, regeneration 1, shaggy fur 1, tough skin 1,
iridescent scales 1, robust 1
a: Renounce Religion, Shatter the Chains


You were on level 5 of the Dungeon.
You worshipped Ashenzari.
Ashenzari was aware of your devotion.
You visited 1 branch of the dungeon, and saw 5 of its levels.

You collected 1317 gold pieces.
You spent 566 gold pieces at shops.

Inventory:

Hand Weapons
 a - a +4 trident (weapon)
 g - a +0 mace
 h - a +0 morningstar
 n - a +0 giant spiked club
Missiles
 c - 2 throwing nets (quivered)
 d - 116 stones
 e - 5 boomerangs
Armour
 f - the -2 hat of the Alchemist (worn) {rElec rPois rF+ rC+ rN+ Will+ rMut rCorr}
   (You bought it in a shop on level 2 of the Dungeon)

   rF:        It protects you from fire.
   rC:        It protects you from cold.
   rElec:     It insulates you from electricity.
   rPois:     It protects you from poison.
   rN:        It protects you from negative energy.
   rCorr:     It protects you from acid and corrosion.
   rMut:      It protects you from mutation.
   Will:      It increases your willpower.
 t - a +1 kite shield (worn)
 u - a +2 robe of positive energy (worn)
Jewellery
 m - the cursed ring of the Celestial Augur (left claw) {Wiz, Evo, Alch}
   (You found it on level 2 of the Dungeon)

   [ring of wizardry]

   It improves your spell success rate.
   It has a curse which improves the following skills: Evocations: Evocations.
   Alchemy:   Poison Magic and Transmutations.
 q - the cursed ring "Mantic Anxiety" (right claw) {Slay+4, Alch, Bglg}
   (You found it on level 3 of the Dungeon)

   [ring of slaying]

   Slay:      It affects your accuracy & damage with ranged weapons and melee
   (+4).
   It has a curse which improves the following skills: Alchemy: Poison Magic and
   Transmutations.
   Beguiling: Conjurations, Hexes and Translocations.
Wands
 v - a wand of iceblast (7)
Scrolls
 i - a scroll of amnesia
 l - 2 scrolls of teleportation
 o - a scroll of holy word
Potions
 j - 3 potions of brilliance
 k - a potion of ambrosia
 p - a potion of invisibility
 r - a potion of curing
 s - a potion of might


   Skills:
 + Level 2.6 Fighting
 + Level 2.5 Maces & Flails
 + Level 3.3 Throwing
 + Level 2.9 Dodging
 + Level 1.7 Shields
 + Level 2.8 Unarmed Combat
 + Level 2.0 Spellcasting
 + Level 3.3(4.2) Hexes


You had 6 spell levels left.
You knew the following spells:

 Your Spells              Type           Power      Damage    Failure   Level
a - Corona                Hex            11%        N/A       10%         1
b - Portal Projectile     Hex/Tloc       10%        N/A       52%         3

Your spell library contained the following spells:

 Spells                   Type           Power      Damage    Failure   Level
 Slow                     Hex            10%        N/A       14%         2
 Ensorcelled Hibernation  Hex/Ice        10%        N/A       32%         2
 Dazzling Flash           Conj/Hex       10%        N/A       52%         3
 Inner Flame              Hex/Fire       5%         N/A       52%         3
 Cause Fear               Hex            5%         N/A       65%         4
 Spider Form              Tmut/Pois      0%         N/A       80%         3
 Silence                  Hex/Air        2%         N/A       99%         5
 Agony                    Necr           1%         N/A       100%        5
 Shadow Creatures         Summ           N/A        N/A       100%        6


Dungeon Overview and Level Annotations

Branches:
Dungeon (5/15)
 Temple: D:4-7

Altars:
Ashenzari
Dithmenos
Uskayaw
Zin

Shops:
D:2 [


Innate Abilities, Weirdness & Mutations

You are too large for most types of armour.
You have claws for hands.
Your natural rate of healing is unusually fast.
You are covered in fur. (AC +1)
You have tough skin. (AC +1)
You are partially covered in iridescent scales. (AC +2)
You are robust. (+10% HP)


Message History

The wight is lightly damaged.
You block the wight's attack.
You hit the wight but do no damage.
The wight is lightly damaged.
You block the wight's attack. The wight hits you with a +4 scimitar!
Casting: Corona (safe; 10% risk of failure)
Confirm with . or Enter, or press ? or * to list all spells.
Aiming: Corona (safe; 10% risk of failure)
Press: ? - help, Shift-Dir - straight line, f/p - wight
Aim: a wight, wielding a +4 scimitar and wearing a +0 robe (lightly damaged, chance to affect: 46%)
The wight is outlined in light.
You block the wight's attack.
You puncture the wight!
The wight is severely damaged.
You block the wight's attack.
You hit the wight.
The wight is almost destroyed.
The wight barely misses you. You block the wight's attack.
You hit the wight but do no damage.
The wight is severely damaged.
You block the wight's attack.
You hit the wight.
The wight is almost destroyed.
The wight stops glowing.
The wight hits you with a +4 scimitar! You partially resist.
You feel drained. The wight hits you with a +4 scimitar!
You closely miss the wight.
The wight is almost destroyed.
The wight hits you with a +4 scimitar!
You closely miss the wight.
The wight is almost destroyed.
You block the wight's attack. The wight hits you with a +4 scimitar!
* * * LOW HITPOINT WARNING * * *
You barely miss the wight.
The wight is almost destroyed.
You block the wight's attack. The wight hits you with a +4 scimitar!!
* * * LOW HITPOINT WARNING * * *
You barely miss the wight.
The wight is almost destroyed.
The wight hits you with a +4 scimitar!
You die...

#........#.......'.......^.#..
#........#.......#.........#..
#........+.....รท.#.........'[.
#........#######'#.........###
####+##+###..#....)..#####.....
#.......(..).#.......#...#.....
#.....(....#.#.......'...#.....
#..#...##...#..#.......#...'.....
#...#..##..#..##@......#####.....
....z#....#....z.##'####...######
...z..#..#.......#............#
...##..##..##...[#............#
.(.##..##..##....#............#
......#..#.......#....##.....##
#+...#....#.....##############
....#..##..#....#
...#...##...#...#


You could see a wight.

Vanquished Creatures
  Sigmund (D:4)
  An ogre (D:5)
  A wyvern zombie (D:5)
  A water moccasin skeleton (D:5)
  3 wights (D:5)
  4 hounds
  2 iguanas (D:5)
  Ijyb (D:4)
  2 orc wizards
  A hound zombie (D:5)
  A hound skeleton (D:4)
  12 adders
  5 orcs
  10 ball pythons
  7 endoplasms
  4 giant cockroaches
  8 hobgoblins
  2 jackals
  6 kobolds
  2 quokkas
  3 bats
  2 frilled lizards
  5 goblins
  2 rats (D:1)
86 creatures vanquished.

Notes
Turn   | Place    | Note
-------+----------+-------------------------------------------
     0 | D:1      | tizbic2 the Troll Arcane Marksman began the quest for the
                  | Orb.
     0 | D:1      | Reached XP level 1. HP: 18/18 MP: 1/1
   200 | D:1      | Reached XP level 2. HP: 26/26 MP: 2/2
   513 | D:1      | Reached skill level 1 in Fighting
   806 | D:2      | Reached XP level 3. HP: 33/33 MP: 3/3
  1179 | D:2      | Learned a level 3 spell: Portal Projectile
  1230 | D:2      | Found Arghuah's Armour Boutique.
  1388 | D:2      | Reached XP level 4. HP: 41/41 MP: 0/4
  1662 | D:2      | Reached skill level 1 in Maces & Flails
  1672 | D:2      | Reached skill level 1 in Unarmed Combat
  1708 | D:2      | Reached XP level 5. HP: 26/48 MP: 4/6
  1858 | D:3      | Found a faded altar of an unknown god.
  2221 | D:3      | Identified a scroll of acquirement
  2222 | D:3      | Acquired 1070 gold pieces
  2266 | D:2      | Bought the -2 hat of the Alchemist {rElec rPois rF+ rC+ rN+
                  | Will+ rMut rCorr} for 566 gold pieces
  2266 | D:2      | Found the -2 hat of the Alchemist {rElec rPois rF+ rC+ rN+
                  | Will+ rMut rCorr}
  2318 | D:3      | Found a shadowy altar of Dithmenos.
  2401 | D:4      | Found a broken altar of Ashenzari.
  2438 | D:4      | Became a worshipper of Ashenzari the Shackled
  2600 | D:4      | Found a hide-covered altar of Uskayaw.
  2637 | D:4      | Identified the +0 chain mail "Ybyx" {rF+ Str+4 Dex+2}
  2685 | D:4      | Noticed Sigmund
  2696 | D:4      | Killed Sigmund
  2697 | D:4      | Reached XP level 6. HP: 57/57 MP: 5/7
  2902 | D:4      | Gained mutation: You are partially covered in iridescent
                  | scales. (AC +2) [potion of mutation]
  2902 | D:4      | Gained mutation: You are robust. (+10% HP) [potion of
                  | mutation]
  2960 | D:4      | Noticed Ijyb
  2971 | D:4      | Killed Ijyb
  3324 | D:4      | Found a glowing silver altar of Zin.
  3367 | D:5      | Entered Level 5 of the Dungeon
  3489 | D:5      | Reached skill level 1 in Shields
  3489 | D:5      | Reached XP level 7. HP: 33/71 MP: 8/8
  3720 | D:5      | Reached * piety under Ashenzari
  4108 | D:5      | HP: 3/68 [wight (10)]
  4215 | D:5      | Slain by a wight

Illustrated notes

Levels and vault maps discovered:
D:1:      erik_arrival_triangle_large, layout_loops_corners,
          amcnicky_mini_pool_small, minmay_tetromino_s2
D:2:      layout_basic, serial_shops, nicolae_shop_waterfront
D:3:      layout_rooms, grunt_dithmenos_smoke_and_mirrors,
          shapermc_ecumenical_altar_flowoftime, minmay_checkerbox
D:4:      layout_gridville, zin_scriptorium, lemuel_round_altar,
          nicolae_uskayaw_suspiria, uniq_ijyb, uniq_sigmund
D:5:      layout_gridville, minmay_temple_entry_slanted, minivault_26

Skill      XL: |  1  2  3  4  5  6  7 |
---------------+----------------------+-----
Fighting       | 1 2 |  2.6
Throwing       | 2 3 |  3.3
Maces & Flails | 1 2 |  2.5
Dodging        | 2 |  2.9
Unarmed Combat | 1 2 |  2.8
Hexes          | 3 |  3.3
Shields        | 1 |  1.7
Spellcasting   | 2 |  2.0

Action                   |  1- 3 |  4- 6 |  7- 9 || total
-------------------------+-------+-------+-------++-------
Melee: Unarmed           |    48 |       |       ||    48
       Morningstar       |    58 |    40 |       ||    98
       Mace              |       |    97 |    83 ||   180
       Trident           |       |       |    14 ||    14
Throw: Stone             |    31 |    19 |     7 ||    57
       Large rock        |    12 |     6 |     4 ||    22
       Throwing net      |     3 |     3 |       ||     6
       Boomerang         |       |       |     3 ||     3
 Cast: Corona            |    12 |    18 |    15 ||    45
       Portal Projectile |       |     2 |       ||     2
Invok: Curse Item        |       |     1 |     1 ||     2
  Use: Scroll            |       |     6 |       ||     6
       Potion            |       |     2 |     1 ||     3
 Stab: Held in net/web   |       |     1 |       ||     1
       Sleeping          |       |     1 |       ||     1
Armor: Robe              |    67 |    67 |    43 ||   177
Dodge: Dodged            |    68 |   106 |    36 ||   210
Block: Kite shield       |       |    15 |    63 ||    78
